 Dungeon Crawl Stone Soup version 0.17.1-3-g152610e (webtiles) character file.

97 kaze the Shield-Bearer (level 4, -3/42 HPs)
             Began as a Deep Dwarf Fighter on Apr 7, 2016.
             Slain by kaze's ghost (10 damage)
             ... on level 3 of the Dungeon.
             The game lasted 00:02:53 (1585 turns).

kaze the Shield-Bearer (Deep Dwarf Fighter)         Turns: 1585, Time: 00:02:54

Health: -3/42      AC:  8    Str: 20    XL:     4   Next: 42%
Magic:  4/4        EV:  8    Int:  9    God:
Gold:   140        SH:  9    Dex: 12    Spells: 0 memorised, 3 levels left

rFire  . . .     SeeInvis .     a - +0 war axe
rCold  . . .     Clarity  .     b - +0 scale mail
rNeg   . . .     SustAt   .     c - +0 shield
rPois  .         Gourm    .     (no helmet)
rElec  .         Spirit   .     (no cloak)
rCorr  .         Warding  .     g - +0 pair of gloves
rMut   .         Stasis   .     (no boots)
MR     .....                    (no amulet)
Stlth  ..........               (no ring)
                                (no ring)

@: non-regenerating, not resistant to hostile enchantments, extremely unstealthy
A: damage resistance, recharge devices, sense surroundings 1, slow regeneration
3
a: Device Recharging


You were on level 3 of the Dungeon.
You were hungry.

You visited 1 branch of the dungeon, and saw 3 of its levels.

You collected 140 gold pieces.

Inventory:

Hand Weapons
 a - a +0 war axe (weapon)
Armour
 b - a +0 scale mail (worn)
 c - a +0 shield (worn)
 g - a +0 pair of gloves (worn)
Jewellery
 p - an uncursed ring of protection from fire {unknown}
Wands
 e - a wand of heal wounds (5)
Scrolls
 h - a scroll of immolation {unknown}
 i - 3 scrolls of remove curse {unknown}
 j - 2 scrolls of fear {unknown}
 o - a scroll of random uselessness {unknown}
 q - a scroll of amnesia {unknown}
 s - 3 scrolls of identify {unknown}
Potions
 d - a potion of might
 k - a potion of poison {unknown}
 l - 2 potions of curing {unknown}
 m - a potion of lignification {unknown}
Comestibles
 f - 3 bread rations
 n - a royal jelly
 r - a slice of pizza


   Skills:
 + Level 3.2 Fighting
 + Level 2.5 Axes
 + Level 3.6 Armour
 + Level 1.4 Dodging
 + Level 4.5 Shields


You had 3 spell levels left.
You didn't know any spells.

Dungeon Overview and Level Annotations

Branches:
Dungeon (3/15)

Altars:
Beogh

Annotations:
D:3 Jessica; kaze's ghost, amateur TrFi


Innate Abilities, Weirdness & Mutations

You are resistant to damage.
You can recharge devices by infusing magical energy.
You passively map a small area around you.
You do not regenerate naturally.


Message History

You are too injured to fight recklessly!
Okay, then.
You are feeling hungry.
Jessica says, "Why did you come here?"
Jessica shouts, "You're disturbing me!
I'll have to kill you!"
A bat comes into view.
Jessica casts a spell.
Jessica blinks!
A kobold comes into view.
The kobold shouts!
The kobold throws a stone.
You block the stone.
You see here a stone.
You hit the kobold.
You kill the kobold!
Kaze's ghost misses you.
You see here a kobold corpse.
Kaze's ghost hits you.
* * * LOW HITPOINT WARNING * * *
Kaze's ghost hits you!
You die...

* *, .....* ########.## ,
, ..b , , ..........#*
#.#* , ..........# #†#*
..........##.#####.#####
, ,
..........##...........#
..........#######§####.#
..........# #.......
,.......@W.#######..###.#
,
,....####...†@..(.......#
, . ,,* ##########..#####
* #..##### , #....... , ,
* ##...... , * ####### ,
#... , , ######.##


You could see kaze's ghost and Jessica.

Vanquished Creatures
  Ijyb (D:2)
  2 adders (D:2)
  A worm (D:3)
  2 giant geckos (D:1)
  8 bats
  2 giant cockroaches
  10 goblins
  6 hobgoblins
  3 kobolds
  A ball python (D:2)
  4 giant newts
  7 rats
47 creatures vanquished.

Notes
Turn   | Place    | Note
--------------------------------------------------------------
     0 | D:1      | kaze the Deep Dwarf Fighter began the quest for the Orb.
     0 | D:1      | Reached XP level 1. HP: 20/20 MP: 1/1
    79 | D:1      | Found a roughly hewn altar of Beogh.
    79 | D:1      | Noticed an orc wizard
    81 | D:1      | Noticed an orc wizard
    81 | D:1      | Noticed an orc warrior
   445 | D:1      | Reached XP level 2. HP: 21/28 MP: 2/2
  1062 | D:2      | Reached XP level 3. HP: 24/34 MP: 3/3
  1203 | D:2      | Noticed Ijyb
  1208 | D:2      | Reached skill level 4 in Shields
  1217 | D:2      | Reached skill level 1 in Dodging
  1220 | D:2      | Killed Ijyb
  1220 | D:2      | Reached XP level 4. HP: 28/42 MP: 4/4
  1564 | D:3      | Noticed kaze's ghost (amateur TrFi)
  1566 | D:3      | Noticed Jessica
  1585 | D:3      | Slain by kaze's ghost

Action                   |  1- 3 |  4- 6 || total
-------------------------+-------+-------++-------
Melee: War axe           |   109 |    50 ||   159
  Eat: Chunk             |     1 |     1 ||     2
